 Dungeon Crawl Stone Soup version 0.26-a0-652-gafc20e3620 (webtiles) character file.

Game seed: 17691656503972987025

47 zazu2006 the Sneak (level 3, -1/42 HPs)
             Began as a Naga Hedge Wizard on Oct 4, 2020.
             Slain by an adder (4 damage)
             ... on level 2 of the Dungeon.
             The game lasted 00:02:25 (1626 turns).

zazu2006 the Sneak (Naga Hedge Wizard)              Turns: 1626, Time: 00:02:25

Health: -1/42      AC:  2    Str: 12    XL:     3   Next: 70%
Magic:  3/8        EV: 10    Int: 15    God:
Gold:   10         SH:  0    Dex: 10    Spells: 0/9 levels left

rFire    . . .     SeeInvis +   a - +0 dagger
rCold    . . .     Faith    .   (no shield)
rNeg     . . .     Spirit   .   b - +0 robe
rPois    +         Reflect  .   c - +0 hat
rElec    .         Harm     .   (no cloak)
rCorr    .         Rampage  .   (no gloves)
MR       .....                  (no barding)
Stlth    ..........             (no amulet)
HPRegen  0.14/turn              g - ring of see invisible
MPRegen  0.11/turn              (no ring)

@: berserking, short of breath, quick
A: large, see invisible, deformed body, poison resistance, slowness 2, spit
poison 1, AC +1
a: Spit Poison


You were on level 2 of the Dungeon.
You visited 1 branch of the dungeon, and saw 2 of its levels.

You collected 10 gold pieces.

Inventory:

Hand Weapons
 a - a +0 dagger (weapon)
Armour
 b - a +0 robe (worn)
 c - a +0 hat (worn)
Jewellery
 g - a ring of see invisible (left hand)
Scrolls
 d - a scroll of teleportation {unknown}
 e - a scroll of identify {unknown}


   Skills:
 - Level 0.4 Short Blades
 + Level 1.8 Dodging
 + Level 3.8 Stealth
 + Level 3.7 Spellcasting
 + Level 1.3 Conjurations
   Level 1.0 Summonings
 + Level 1.0 Translocations


You couldn't memorise any spells.
You knew the following spells:

 Your Spells              Type           Power        Failure   Level
a - Magic Dart            Conj           #...         11%         1
b - Mephitic Cloud        Conj/Pois/Air  #.......     43%         3
c - Conjure Flame         Conj/Fire      #.......     38%         3
d - Blink                 Tloc           N/A          19%         2

Your spell library contained the following spells:

 Spells                   Type           Power        Failure   Level
 Call Imp                 Summ           #.......     19%         2
 Slow                     Hex            #.......     28%         2


Dungeon Overview and Level Annotations

Branches:
Dungeon (2/15)

Altars:


Innate Abilities, Weirdness & Mutations

You cannot wear boots.
Your serpentine skin is tough. (AC +1)
You have supernaturally acute eyesight. (SInv)
Armour fits poorly on your strangely shaped body.
Your system is resistant to poisons. (rPois)
You cover ground very slowly.
You can spit poison.


Message History

The magic dart hits the adder but does no damage.
The adder is heavily wounded.
The adder closely misses you. x2
Casting: Magic Dart (safe; 11% risk of failure)
Confirm with . or Enter, or press ? or * to list all spells.
Aiming: Magic Dart (safe; 11% risk of failure)
Press: ? - help, Shift-Dir - straight line, f/p - adder
Aim: an adder (heavily wounded)
The magic dart hits the adder.
The adder is heavily wounded.
You have got your breath back.
The adder bites you.
* * * LOW HITPOINT WARNING * * *
Press: ? - help, Shift-Dir - straight line, f/p - adder
Aim: an adder (heavily wounded)
The splash of poison misses the adder.
The adder misses you.
It was a potion of berserk rage.
A red film seems to cover your vision as you go berserk!
You feel yourself moving faster!
You feel mighty! The adder bites you.
You die...

#####....##.#
#.......# #..###
# #.......#
#####..#
#.......#
#...#..#
#.......#
#.#..†.##
#####.......###
..#...#.#
.....?.S.......
#####.#.# #..#
..#...#.#
#########.>#####
#.#....##
#.....@S.......#
#...##.#
#.#######..###.#
##.###.# #.#
#....# #.# #.#
#.# ##.#.#
##.###.# ##.##
.#...
#...##.###...#
.# #..
#..........).#
.# ##
#...######...#
##### ##......


You could see an adder.

Vanquished Creatures
  An adder (D:2)
  A worm (D:2)
  A leopard gecko (D:2)
  2 giant cockroaches
  7 goblins
  2 hobgoblins (D:1)
  4 jackals (D:1)
  A quokka (D:2)
  A ball python (D:1)
  5 bats (D:1)
  2 frilled lizards
  2 kobolds
  3 rats (D:1)
32 creatures vanquished.

Notes
Turn   | Place    | Note
-------+----------+-------------------------------------------
     0 | D:1      | zazu2006 the Naga Hedge Wizard began the quest for the Orb.
     0 | D:1      | Reached XP level 1. HP: 15/15 MP: 4/4
   305 | D:1      | Reached XP level 2. HP: 22/22 MP: 4/6
   862 | D:1      | Reached XP level 3. HP: 28/28 MP: 4/8
   867 | D:1      | Learned a level 3 spell: Mephitic Cloud
   871 | D:1      | Learned a level 3 spell: Conjure Flame
   874 | D:1      | Learned a level 2 spell: Blink
  1626 | D:2      | Slain by an adder

Illustrated notes

Levels and vault maps discovered:
D:1:      lightli_arrival_statue_moat, layout_loops_corners
D:2:      layout_loops_ring

Action                   || total
-------------------------++-------
Melee: Dagger            ||    35
 Cast: Magic Dart        ||    62
 Abil: Spit Poison       ||    16
  Use: Potion            ||     1
Armor: Robe              ||    16
Dodge: Dodged            ||    41

Table legend: (Time is in decaauts)
 A = Elapsed time spent in this place.
 B = Non-inter-level travel time spent in this place.
 C = Inter-level travel time spent in this place.
 D = Time resting spent in this place.
 E = Time spent auto-exploring this place.
 F = Levels seen in this place.
 G = Mean time per level.
                   A        B        C        D        E       F      G
               +--------+--------+--------+--------+--------+-----+--------+
         Total |   1927 |   1910 |     17 |      8 |   1699 |   2 |  963.5 |
       Dungeon |   1927 |   1910 |     17 |      8 |   1699 |   2 |  963.5 |
               +--------+--------+--------+--------+--------+-----+--------+

Top non-repeatable levels by time:
     D:1: 1627 daAuts
     D:2: 300 daAuts
